 Dungeon Crawl Stone Soup: Circus Animals version 1.7-37-g2c94cca (webtiles) character file.

238 Bloodjewel the Magician (level 8, 102/102 HPs) *STANDARD*
             Began as a Human Fire Elementalist on Nov 30, 2016.
             Quit the game on level 4 of the Dungeon.
             The game lasted 00:21:04 (1504 turns).

Bloodjewel the Magician (Human Fire Elementalist)   Turns: 1504, Time: 00:21:04

Health: 102/102    AC:  3    Str:  8    XL:     8   Next: 86%
Magic:  100/100    EV: 10    Int: 18    God:
Gold:   88         SH:  0    Dex: 14    Spells: 2 memorised, 12 levels left

rFire  . . .     rPois    .     b - +1 short sword (speed)
rCold  + . .     rElec    .     e - troll hide {Purgy}
rNeg   . . .     rCorr    .     (no shield) MagicSh . . . SeeInvis .
                                (no helmet) StaminaSh . . . Faith .
                                (no cloak) RegenHP +++++.....
SustAt .                        (no gloves) RegenSP +++....... Dismiss .
                                c - +0 pair of boots RegenMP +++....... Reflect .
                                (no amulet)
MR     .....     Harm     .     (no ring)
Stlth  +.........               d - ring of protection from cold

@: power, slow, not resistant to hostile enchantments, very unstealthy
A: unfocussed dna 2
a: no special abilities


You were on level 4 of the Dungeon.
You were not hungry.

You visited 1 branch of the dungeon, and saw 4 of its levels.

You collected 88 gold pieces.

Inventory:

Hand Weapons
 b - a +1 short sword of speed (weapon)
Armour
 c - a +0 pair of boots (worn)
 e - a troll hide (worn) {Purgy}
Jewellery
 d - a ring of protection from cold (left hand)
Scrolls
 j - a scroll of fear
Potions
 b - 4 potions of heal wounds
 c - 3 potions of stamina
 d - 3 potions of magic
 e - 2 potions of resistance {unknown}
 g - a potion of ambrosia {unknown}
 i - 2 potions of lignification {unknown}
Books
 a - a book of Flames

   Spells                             Type                      Level
   a - Flame Tongue                   Fire                         1
   b - Conjure Flame                  Conjuration/Fire             3
   c - Inner Flame                    Hexes/Fire/Time              3
   d - Sticky Flame                   Conjuration/Fire/Time        4
   e - Fireball                       Conjuration/Fire/Light       5
   f - Bolt of Magma                  Conjuration/Fire/Earth       5


   Skills:
 - Level 3.0 Dodging
 - Level 1.0 Stealth
 - Level 4.5 Spellcasting
 - Level 3.2 Conjurations
 + Level 4.3 Fire Magic


You had 12 spell levels left.
You knew the following spells:

 Your Spells              Type           Power        Failure   Level  Hunger
a - Flame Tongue          Fire           #.........   7%          1    ##.....
b - Conjure Flame         Conj/Fire      #.........   25%         3    ###....


Dungeon Overview and Level Annotations

Branches:
Dungeon (4/7)

Altars:


Innate Abilities, Weirdness & Mutations

New mutations are much less likely to enhance existing mutations.


Message History

You hit the jackal. (mon hp-2)
The jackal bites you. (hp-1)
You hit the jackal. (mon hp-3)
You kill the jackal!
No target in view!
No target in view!
Items here: ) [ †† a hand axe; a leather armour; a jackal corpse; an orc corpse
Items here: ) [ †† a giant club; a troll hide {Purgy}; a jackal corpse; the troll corpse of Purgy
e - a troll hide {Purgy} You start removing your armour.
You continue taking off your +0 robe. x4
You finish taking off your +0 robe.
You start putting on your armour.
You continue putting on your troll hide {Purgy}. x5
You finish putting on your troll hide {Purgy}.
You drop a +0 robe.
You see here a jackal corpse.
Okay, then.
You see here an orc skeleton.
Okay, then.
Are you sure you want to abandon this character and quit the game? (Confirm with "yes".)

#.....÷..........#
#....)......^....#
#................##
#####.............##
.oo...÷...............
ho########.........#
##.........#
#..........#
..........@..#
.####.######## # #..
##


There were no monsters in sight!

Vanquished Creatures
  Purgy (D:4)
  An ogre (D:4)
  An orc priest (D:4)
  An orc wizard (D:4)
  7 dart slugs
  An ooze (D:1)
  5 orcs (D:4)
  A worm (D:3)
  A ball python (D:1)
  7 bats
  5 giant cockroaches
  14 hobgoblins
  6 jackals
  2 quokkas
  7 giant newts (D:1)
  8 goblins
  4 kobolds (D:1)
  7 rats
79 creatures vanquished.

Notes
Turn   | Place    | Note
-------+----------+-------------------------------------------
     0 | D:1      | Bloodjewel the Human Fire Elementalist began the quest for the Orb.
     0 | D:1      | Reached XP level 1. HP: 32/32 MP: 100/100
   102 | D:1      | Reached XP level 2. HP: 38/42 MP: 57/100
   270 | D:1      | Reached XP level 3. HP: 52/52 MP: 100/100
   453 | D:1      | Learned a level 3 spell: Conjure Flame
   514 | D:1      | Reached XP level 4. HP: 62/62 MP: 92/100
  1055 | D:2      | Reached XP level 5. HP: 72/72 MP: 100/100
  1055 | D:2      | Reached XP level 6. HP: 82/82 MP: 100/100
  1066 | D:3      | Reached XP level 7. HP: 92/92 MP: 100/100
  1093 | D:4      | Reached XP level 8. HP: 94/102 MP: 100/100
  1459 | D:4      | Noticed Purgy
  1466 | D:4      | Killed Purgy
  1504 | D:4      | Quit the game

Skill      XL: |  1  2  3  4  5  6  7 |
---------------+----------------------+-----
Fire Magic     | 4 |  4.3
Conjurations   | 3 |  3.2
Spellcasting   | 4 |  4.5
Dodging        | |  3.0
Stealth        | |  1.0

Action                   |  1- 3 |  4- 6 |  7- 9 || total
-------------------------+-------+-------+-------++-------
Melee: Unarmed           |     1 |       |       ||     1
       Short sword       |     8 |     2 |    19 ||    29
 Cast: Flame Tongue      |    39 |    38 |    42 ||   119
  Use: Scroll            |       |       |     4 ||     4
 Stab: Sleeping          |     2 |     1 |       ||     3
Armor: Robe              |     6 |     2 |    14 ||    22
Dodge: Dodged            |    21 |     9 |    42 ||    72
